 Dungeon Crawl Stone Soup version 0.21.1-1-g345015f (webtiles) character file.

213 glosham the Magician (level 5, -1/35 HPs)
             Began as a Mummy Earth Elementalist on May 29, 2018.
             Slain by a gnoll
             ... wielding a +0 halberd of flaming
              (4 damage)
             ... on level 4 of the Dungeon.
             The game lasted 00:33:43 (1662 turns).

glosham the Magician (Mummy Earth Elementalist)     Turns: 1662, Time: 00:33:44

Health: -1/35      AC:  8    Str: 11    XL:     5   Next: 59%
Magic:  7/14       EV:  8    Int: 15    God:
Gold:   203        SH:  0    Dex: 13    Spells: 15/18 levels left

rFire    . . .     SeeInvis .   a - +0 short sword
rCold    + . .     Gourm    .   (no shield)
rNeg     + + +     Faith    .   X - +2 leather armour {rF+}
rPois    ∞         Spirit   .   U - +2 helmet
rElec    .         Reflect  .   (no cloak)
rCorr    .         Harm     .   (no gloves)
MR       .....                  (no boots)
Stlth    ++........             (no amulet)
HPRegen  0.11/turn              (no ring)
MPRegen  0.14/turn              (no ring)

@: constricted
A: no food or potions, fire vulnerability, cold resistance 1, negative energy
resistance 3, torment resistance, unbreathing
a: no special abilities


You were on level 4 of the Dungeon.
You were not hungry.

You visited 1 branch of the dungeon, and saw 4 of its levels.

You collected 203 gold pieces.

Inventory:

Hand Weapons
 a - a +0 short sword (weapon)
 b - a +0 dagger
 j - a +0 flail
Missiles
 f - 51 stones (quivered)
 h - 14 sling bullets
 l - 11 bolts
 o - 4 poisoned tomahawks
Armour
 U - a +2 helmet (worn)
 X - a +2 leather armour of fire resistance (worn)
Wands
 m - a wand of flame (43)
Scrolls
 c - a scroll of enchant weapon
 e - a scroll of remove curse
 g - a scroll of teleportation
 k - a scroll of fog
 p - a scroll of amnesia {unknown}
Books
 d - a book of Geomancy

   Spells                             Type                      Level
   a - Sandblast                      Earth                        1
   b - Passwall                       Transmutation/Earth          2
   c - Stone Arrow                    Conjuration/Earth            3
   d - Petrify                        Transmutation/Earth          4
   e - Lee's Rapid Deconstruction     Earth                        5


   Skills:
 - Level 1.5 Dodging
 - Level 1.5 Stealth
 * Level 7.3 Spellcasting
 - Level 0.7 Transmutations
 - Level 2.4 Earth Magic


You had 15 spell levels left.
You knew the following spells:

 Your Spells              Type           Power        Failure   Level  Hunger
x - Sandblast             Erth           ##....       6%          1    N/A
P - Passwall              Tmut/Erth      ##........   14%         2    N/A

Dungeon Overview and Level Annotations

Branches:
Dungeon (4/15)
 Temple: D:4-7

Altars:
Ashenzari
Uskayaw
Wu Jian


Innate Abilities, Weirdness & Mutations

You do not eat or drink.
Your flesh is vulnerable to fire.
You are immune to poison.
Your flesh is cold resistant. (rC+)
You are immune to negative energy. (rN+++)
You are immune to unholy pain and torment.
You can survive without breathing.


Message History

The blast of sand misses the gnoll.
f - 53 stones The ball python skeleton barely misses you.
The ball python skeleton constricts you.
The orc throws a tomahawk.
The tomahawk hits you.
Casting: Sandblast
Confirm with . or Enter, or press ? or * to list all spells.
Aiming: Sandblast
Press: ? - help, Shift-Dir - straight line, f/p - gnoll
Aim: a gnoll, wielding a halberd of flaming and wearing a tourmaline ring The blast of sand hits the gnoll.
The gnoll is lightly wounded.
f - 52 stones The ball python skeleton barely misses you.
The ball python skeleton constricts you.
The gnoll hits you from afar with a halberd of flaming.
The gnoll burns you.
An orc comes into view.
It is wielding a hand axe of electrocution.
Casting: Sandblast
Confirm with . or Enter, or press ? or * to list all spells.
Aiming: Sandblast
Press: ? - help, Shift-Dir - straight line, f/p - gnoll
Aim: a gnoll, wielding a halberd of flaming and wearing a tourmaline ring (lightly wounded)
The blast of sand hits the gnoll.
The gnoll is moderately wounded.
f - 51 stones The orc shouts!
You hear a shout!
The ball python skeleton closely misses you.
The ball python skeleton constricts you.
The gnoll hits you but does no damage.
A worker ant comes into view.
Okay, then.
The ball python skeleton's grasp on you weakens, but your attempt to escape fails.
The worker ant moves out of view.
The ball python skeleton barely misses you.
The ball python skeleton constricts you.
The gnoll hits you from afar with a halberd of flaming!
* * * LOW HITPOINT WARNING * * *
The gnoll burns you.
You die...

###..# .....# .....#
###### # ## # #. .. .
##o# g#.#
#..#...##########.#.#
#....g.@Zggg.......g.
#############.###.#g####
#.............#
####...........
##########.# #######
......#


You could see 4 gnolls, an orc and a ball python skeleton.

Vanquished Creatures
  An orc priest (D:4)
  A bullfrog skeleton (D:4)
  A worker ant (D:4)
  A hound skeleton (D:2)
  2 gnolls (D:4)
  5 adders
  2 orcs (D:4)
  8 bats
  A giant cockroach (D:4)
  5 goblins (D:1)
  6 hobgoblins
  4 jackals (D:1)
  A quokka (D:2)
  A ball python (D:3)
  6 frilled lizards
  6 kobolds
  4 rats
55 creatures vanquished.

Notes
Turn   | Place    | Note
-------+----------+-------------------------------------------
     0 | D:1      | glosham the Mummy Earth Elementalist began the quest for the Orb.
     0 | D:1      | Reached XP level 1. HP: 13/13 MP: 4/4
    64 | D:1      | Reached skill level 3 in Spellcasting
   240 | D:1      | Reached XP level 2. HP: 19/19 MP: 4/6
   244 | D:1      | Learned a level 2 spell: Passwall
   353 | D:2      | Reached skill level 4 in Spellcasting
   464 | D:2      | Reached XP level 3. HP: 19/24 MP: 5/9
   610 | D:3      | Reached skill level 5 in Spellcasting
   810 | D:4      | Reached XP level 4. HP: 13/30 MP: 1/11
   847 | D:2      | Reached skill level 6 in Spellcasting
  1190 | D:2      | Found a shattered altar of Ashenzari.
  1305 | D:3      | Found an ornate altar of the Wu Jian Council.
  1333 | D:4      | Reached XP level 5. HP: 9/35 MP: 14/14
  1412 | D:4      | Reached skill level 7 in Spellcasting
  1494 | D:4      | Found a hide-covered altar of Uskayaw.
  1662 | D:4      | HP: 3/35 [gnoll/halberd of flaming (12)]
  1662 | D:4      | Slain by a gnoll

Skill      XL: |  1  2  3  4  5 |
---------------+----------------+-----
Spellcasting   | 3 4 5 6 7 |  7.3
Dodging        | |  1.5
Stealth        | |  1.5
Transmutations | |  0.7
Earth Magic    | |  2.4

Action                   |  1- 3 |  4- 6 || total
-------------------------+-------+-------++-------
Melee: Dagger            |    40 |    16 ||    56
       Short sword       |    30 |   101 ||   131
 Cast: Sandblast         |    13 |    26 ||    39
Evoke: Wand              |       |     1 ||     1
  Use: Scroll            |       |     7 ||     7
 Stab: Sleeping          |     5 |       ||     5
Armor: Robe              |    23 |       ||    23
       Leather armour    |       |    52 ||    52
Dodge: Dodged            |    35 |   101 ||   136

Table legend:
 A = Turns spent in this place as a percentage of turns spent in the entire game.
 B = Non-inter-level travel turns spent in this place as a percentage of non-inter-level travel turns spent in the entire game.
 C = Inter-level travel turns spent in this place as a percentage of turns spent in this place.
 D = Turns resting spent in this place as a percentage of non-inter-level travel turns spent in this place.
 E = Turns spent auto-exploring this place as a percentage of non-inter-level travel turns spent in this place.
 F = Non-inter-level travel turns spent in this place divided by the number of levels of this place that you've seen.
                   A       B       C       D       E      F
               +-------+-------+-------+-------+-------+----------------------
         Total | 100.0 | 100.0 |  10.9 |   0.0 |   0.0 | 370.2
       Dungeon | 100.0 | 100.0 |  10.9 |   0.0 |   0.0 | 370.2
               +-------+-------+-------+-------+-------+----------------------

Table legend:
 A = Kills in this place as a percentage of kills in entire the game.
 B = Kills by you in this place as a percentage of kills by you in the entire game.
 C = Kills by friends in this place as a percentage of kills by friends in the entire game.
 D = Other kills in this place as a percentage of other kills in the entire game.
 E = Experience gained in this place as a percentage of experience gained in the entire game.
 F = Experience gained in this place divided by the number of levels of this place that you have seen.
                   A       B       C       D       E      F
               +-------+-------+-------+-------+-------+----------------------
         Total | 100.0 | 100.0 |   N/A |   N/A | 100.0 |  76.2
       Dungeon | 100.0 | 100.0 |   N/A |   N/A | 100.0 |  76.2
               +-------+-------+-------+-------+-------+----------------------

Vault maps used:
D:1:      minmay_arrival_semitransparent, minmay_misc_feat_columns
D:2:      nicolae_ru_awakened_eye, lemuel_coloured_pillars_altar, first_ration,
          minmay_misc_feat_hallway
D:3:      nicolae_overflow_hidden_temple, serial_park_tiny_2
D:4:      overflow_temple_1_default, chequers_temple_overflow_statue_of_worship,
          serial_shops, shop, uniq_eustachio, uniq_crazy_yiuf_cottage
